 Dungeon Crawl Stone Soup version 0.32-a0-411-g744942f433 (webtiles) character file.

Game seed: 14403111703199580250

58 adelrune the Firebug (level 3, -3/30 HPs)
             Began as an Armataur Cinder Acolyte on Feb 20, 2024.
             Was a High Priest of Ignis.
             Slain by Natasha (6 damage)
             ... on level 2 of the Dungeon.
             The game lasted 00:04:37 (1247 turns).

adelrune the Firebug (Armataur Cinder Acolyte)      Turns: 1247, Time: 00:04:38

Health: -3/30      AC:  5    Str: 21    XL:     3   Next: 76%
Magic:  4/4        EV:  9    Int: 14    God:    Ignis [*****.]
Gold:   94         SH:  0    Dex:  5    Spells: 2/4 levels left

rFire   + . .        a - -1 hand axe (flame)
rCold   . . .        (no shield)
rNeg    . . .        b - +0 robe
rPois   .            (no helmet)
rElec   .            f - +0 cloak
rCorr   .            (no gloves)
SInv    .            (no barding)
Will    .....        (no amulet)
Stlth   +            (no ring)
HPRegen 0.25/turn    (no ring)
MPRegen 0.42/turn

%: roll
@: no status effects
A: large, deformed body, tough skin 3, armoured tail, roll 1
a: Renounce Religion, Fiery Armour, Foxfire Swarm, Rising Flame


You were on level 2 of the Dungeon.
You worshipped Ignis.
Ignis was extremely pleased with you.
You visited 1 branch of the dungeon, and saw 2 of its levels.

You collected 94 gold pieces.

Inventory:

Hand Weapons
 a - a -1 hand axe of flaming (weapon)
Armour
 b - a +0 robe (worn)
 f - a +0 cloak (worn)
Scrolls
 d - a scroll of fear {unknown}
 i - a scroll of noise {unknown}
Potions
 c - 3 potions of mutation {unknown}
 e - a potion of attraction {unknown}
 g - a potion of magic {unknown}
 h - a potion of brilliance {unknown}


   Skills:
 + Level 2.8 Fighting
 * Level 2.6 Axes
 + Level 0.4 Armour
 - Level 1.0 Spellcasting
 - Level 4.0 Fire Magic


You had 2 spell levels left.
You knew the following spells:

 Your Spells              Type           Power      Damage    Failure   Level
a - Scorch                Fire           24%        2d6       8%          2

Your spell library contained the following spells:

 Spells                   Type           Power      Damage    Failure   Level


Dungeon Overview and Level Annotations

Branches:
Dungeon (2/15)

Altars:
Okawaru

Annotations:
D:2 Natasha


Innate Abilities, Weirdness & Mutations

Armour fits poorly on your strangely shaped body.
You have extremely tough skin. (AC +3)
You have a long armoured tail.
You regenerate magic when rolling toward enemies. (Rampage MPRegen)


Message History

Natasha, Servant of Life and Death comes into view.
Natasha mumbles some strange words.
You feel troubled. Natasha casts a spell at you. The magic dart hits you.
You roll towards Natasha!
You roll towards Natasha!
You closely miss Natasha.
Natasha casts a spell.
You closely miss Natasha.
Natasha mumbles some strange words.
The cerulean imp hits you from afar with a +2 spear.
You hit the cerulean imp. You burn the cerulean imp.
The cerulean imp is moderately wounded.
You hit Natasha but do no damage. Natasha barely misses you.
The cerulean imp misses you.
You barely miss the cerulean imp.
The cerulean imp is moderately wounded.
You hit Natasha. You burn Natasha. Natasha claws you.
The cerulean imp hits you but does no damage.
The cerulean imp barely misses you.
You closely miss Natasha.
Natasha is moderately wounded.
You closely miss the cerulean imp. Natasha claws you.
The cerulean imp hits you with a +1 spear.
The cerulean imp hits you from afar with a +2 spear.
You are too injured to fight recklessly!
You are too injured to fight recklessly!
You are too injured to fight recklessly!
You are too injured to fight recklessly!
You closely miss Natasha.
Natasha is moderately wounded.
You hit the cerulean imp but do no damage.
Natasha claws you.
* * * LOW HITPOINT WARNING * * *
The cerulean imp hits you with a +1 spear.
* * * LOW HITPOINT WARNING * * *
The cerulean imp barely misses you. Natasha claws you.
You die...
Natasha curls up and begins to purr.
Ignis goes out, and joins you in death.

.........### ..
............##..
.................
..................
................
..........5... ..
...........h###...
.........5@.......
..................
......>.........##
................#
................##
...##............#
...##....#.......#
.......#.#.....###
........#.#.......#
.


You could see Natasha and 2 cerulean imps.

Vanquished Creatures
  A ribbon worm (D:2)
  6 bats
  An endoplasm (D:1)
  A giant cockroach (D:1)
  3 goblins
  7 hobgoblins
  2 jackals (D:2)
  A kobold (D:1)
  2 quokkas
  A ball python (D:2)
  2 frilled lizards (D:1)
  3 rats (D:1)
30 creatures vanquished.

Notes
Turn   | Place    | Note
-------+----------+-------------------------------------------
     0 | D:1      | adelrune the Armataur Cinder Acolyte began the quest for
                  | the Orb.
     0 | D:1      | Reached XP level 1. HP: 18/18 MP: 2/2
    89 | D:1      | Reached skill level 3 in Fire Magic
   171 | D:1      | Reached XP level 2. HP: 25/25 MP: 3/3
   434 | D:1      | Reached XP level 3. HP: 30/30 MP: 4/4
   498 | D:1      | Learned a level 2 spell: Scorch
  1088 | D:2      | Reached skill level 4 in Fire Magic
  1162 | D:2      | Found a faded altar of an unknown god.
  1179 | D:2      | Found an iron altar of Okawaru.
  1240 | D:2      | Noticed Natasha
  1247 | D:2      | Slain by Natasha

Illustrated notes

Levels and vault maps discovered:
D:1:      dpeg_arrival_refuge, layout_basic
D:2:      layout_basic, basic_altar, hellmonk_ecumenical_altar_leap_of_faith,
          minmay_heptomino_l4, uniq_natasha, uniq_terence

Skill      XL: |  1  2  3 |
---------------+----------+-----
Fire Magic     | 3 4 |  4.0
Fighting       | |  2.8
Axes           | |  2.6
Armour         | |  0.4
Spellcasting   | |  1.0

Action                     || total
---------------------------++-------
  Melee: Hand axe          ||    99
         Tailslap          ||     7
 Armour: Robe              ||    74
  Dodge: Dodged            ||    40

Table legend: (Time is in decaauts)
 A = Elapsed time spent in this place.
 B = Non-inter-level travel time spent in this place.
 C = Inter-level travel time spent in this place.
 D = Time resting spent in this place.
 E = Time spent auto-exploring this place.
 F = Levels seen in this place.
 G = Mean time per level.
                   A        B        C        D        E       F      G
               +--------+--------+--------+--------+--------+-----+--------+
         Total |   1263 |   1212 |     51 |     32 |    945 |   2 |  631.5 |
       Dungeon |   1263 |   1212 |     51 |     32 |    945 |   2 |  631.5 |
               +--------+--------+--------+--------+--------+-----+--------+

Top non-repeatable levels by time:
     D:1: 1051 daAuts
     D:2: 212 daAuts
